 Dungeon Crawl Stone Soup version 0.29.1-1-gd02db6906a (webtiles) character file.

Game seed: 6141072822734039427

15 FollowTheCloud the Ducker (level 2, 20/20 HPs)
             Began as a Gnoll Wanderer on Oct 20, 2022.
             Got out of the dungeon alive.
             The game lasted 00:01:09 (704 turns).

FollowTheCloud the Ducker (Gnoll Wanderer)           Turns: 704, Time: 00:01:10

Health: 20/20      AC:  3    Str: 10    XL:     2   Next: 50%
Magic:  5/5        EV: 13    Int: 13    God:
Gold:   73         SH:  0    Dex: 10    Spells: 5/6 levels left

rFire   . . .      SeeInvis .   a - +2 short sword
rCold   . . .      Faith    .   (no shield)
rNeg    . . .      Spirit   .   d - +0 robe
rPois   .          Reflect  .   (no helmet)
rElec   .          Harm     .   (no cloak)
rCorr   .          Rampage  .   (no gloves)
Will    .....                   b - +0 pair of boots
Stlth   +.........              (no amulet)
HPRegen 0.06/turn               (no ring)
MPRegen 0.09/turn               (no ring)

@: no status effects
A: fangs 1, strong nose, distributed training
a: no special abilities


You escaped.
You visited 1 branch of the dungeon, and saw 1 of its levels.

You collected 73 gold pieces.

Inventory:

Hand Weapons
 a - a +2 short sword (weapon)
Armour
 b - a +0 pair of boots (worn)
 d - a +0 robe (worn)
Scrolls
 c - a scroll of teleportation
 e - 3 scrolls of identify {unknown}
 g - a scroll of acquirement {unknown}
 h - a scroll of magic mapping {unknown}
 k - a scroll of immolation {unknown}
 l - a scroll of enchant weapon {unknown}
Potions
 f - 2 potions of curing {unknown}
 i - a potion of flight {unknown}
 j - a potion of mutation {unknown}
 m - a potion of lignification {unknown}


   Skills:
 + Level 0.5 Fighting
 + Level 6.5 Short Blades
 + Level 0.5 Long Blades
 + Level 0.5 Axes
 + Level 0.5 Maces & Flails
 + Level 0.5 Polearms
 + Level 0.5 Staves
 + Level 0.5 Ranged Weapons
 + Level 0.5 Throwing
 + Level 0.5 Armour
 + Level 6.5 Dodging
 + Level 0.5 Stealth
 + Level 0.5 Shields
 + Level 0.5 Unarmed Combat
 + Level 2.7 Spellcasting
 + Level 0.3 Conjurations
 + Level 5.3 Hexes
 + Level 0.3 Summonings
 + Level 0.3 Necromancy
 + Level 0.3 Translocations
 + Level 0.3 Transmutations
 + Level 0.3 Fire Magic
 + Level 0.3 Ice Magic
 + Level 0.3 Air Magic
 + Level 0.3 Earth Magic
 + Level 0.3 Poison Magic
 + Level 0.6 Invocations
 + Level 0.5 Evocations


You had 5 spell levels left.
You knew the following spells:

 Your Spells              Type           Power      Damage    Failure   Level
a - Slow                  Hex            60%        N/A       2%          1

Your spell library contained the following spells:

 Spells                   Type           Power      Damage    Failure   Level
 Portal Projectile        Hex/Tloc       18%        N/A       22%         3


Dungeon Overview and Level Annotations

Branches:
Dungeon (1/15)

Altars:


Innate Abilities, Weirdness & Mutations

You have very sharp teeth.
Your uncanny sense of smell can sniff out nearby items.
Your experience applies equally to all skills.


Message History

j - a fuming amethyst potion
k - a scroll labelled AKUSUE OKIKOM You now have 61 gold pieces (gained 15).
A dart slug is nearby!
Unknown command.
You hit the dart slug.
You bite the dart slug, but do no damage.
The dart slug is moderately wounded.
The dart slug launches a dart at you. The slug dart hits you.
You hit the dart slug.
The dart slug is heavily wounded.
You hit the dart slug.
The dart slug is severely wounded.
The dart slug launches a dart at you. The slug dart hits you.
You hit the dart slug.
The dart slug is almost dead.
You hit the dart slug.
You kill the dart slug!
Found a stone staircase leading down.
Found 5 stones.
You see here 5 stones.
l - a scroll labelled GUNLUF GEGUIFF You now have 65 gold pieces (gained 4).
e - 3 scrolls labelled COMITW OHIE (gained 1)
m - a glowing green potion You see here 5 stones.
There is a stone staircase leading down here.
Found a sling.
You see here a staff of poison.
You now have 73 gold pieces (gained 8).
There is an open door here.
You see here a +0 club.
There is an open door here.
You open the door.
There is an open door here.
There is a staircase leading out of the dungeon here.
Are you sure you want to leave the Dungeon?
This will make you lose the game!
You have escaped!

.# #.##.............#......... .#
#.##.###########.###....... .#
##.##.. .......#..#..#.....# ##
#...#.#.#######.#.##.##...##
#...#.##.......##.##.###.##
#...#.#.###'###.#.##.# ### #
#...#.#.#.....#.#.#..#####
######.###.#.#.....#.#.###....#
#......'.'.#.+..@..'.#.'.'....#
.......###.#.#.....#.#.###....#
#........#.#.#.....#.#.##.....#
#..###...#.#.###+###.#.##.....#
#.†###...#.##.......##.########
#...##...#.#.#######.#.#
.##.##...#..#.......#..# ########
.)#..#...#.###########.###.......
††##.#...#.. .........#...######


There were no monsters in sight!

Vanquished Creatures
  A dart slug (D:1)
  4 bats (D:1)
  A giant cockroach (D:1)
  A goblin (D:1)
  A hobgoblin (D:1)
  A ball python (D:1)
  2 kobolds (D:1)
  2 rats (D:1)
13 creatures vanquished.

Notes
Turn   | Place    | Note
-------+----------+-------------------------------------------
     0 | D:1      | FollowTheCloud the Gnoll Wanderer began the quest for the
                  | Orb.
     0 | D:1      | FollowTheCloud set off with the following items: a +2 short
                  | sword, a +0 pair of boots, a scroll of teleportation, a +0
                  | robe; and the following spell memorised: Slow; and the
                  | following spells available to memorise: Portal Projectile.
     0 | D:1      | Reached XP level 1. HP: 13/13 MP: 4/4
   143 | D:1      | Reached XP level 2. HP: 16/19 MP: 5/5
   704 | D:$      | Got out of the dungeon alive.

Illustrated notes

Levels and vault maps discovered:
D:1:      matt_arrival_los_fun, layout_loops_cross, minmay_pentomino_z4

Action                   || total
-------------------------++-------
Melee: Short sword       ||    45
       Bite              ||     2
 Cast: Slow              ||     1
Armor: Robe              ||    20
Dodge: Dodged            ||    43
